 Dungeon Crawl Stone Soup version 0.28.0-43-g3370ac3207 (webtiles) character file.

Game seed: 3776406953163303971

129 Ablot the Grasshopper (level 5, -1/43 HPs)
             Began as a Gnoll Warper on Mar 12, 2022.
             Killed from afar by an orc wizard (9 damage)
             ... with a puff of flame
             ... on level 3 of the Dungeon.
             The game lasted 00:02:00 (2190 turns).

Ablot the Grasshopper (Gnoll Warper)                Turns: 2190, Time: 00:02:00

Health: -1/43      AC:  3    Str: 12    XL:     5   Next: 12%
Magic:  12/12      EV: 13    Int: 12    God:
Gold:   90         SH:  0    Dex: 12    Spells: 12/14 levels left

rFire   . . .      SeeInvis .   k - +2 short sword (elec)
rCold   . . .      Faith    .   (no shield)
rNeg    . . .      Spirit   .   b - +0 leather armour
rPois   .          Reflect  .   (no helmet)
rElec   .          Harm     .   (no cloak)
rCorr   .          Rampage  .   (no gloves)
Will    .....                   (no boots)
Stlth   +.........              (no amulet)
HPRegen 0.14/turn               (no ring)
MPRegen 0.13/turn               (no ring)

@: no status effects
A: fangs 1, strong nose, distributed training
a: no special abilities


You were on level 3 of the Dungeon.
You visited 1 branch of the dungeon, and saw 3 of its levels.

You collected 90 gold pieces.

Inventory:

Hand Weapons
 a - a +0 spear
 k - a +2 short sword of electrocution (weapon)
Missiles
 d - 5 boomerangs of dispersal (quivered)
 e - 44 arrows
 f - 60 stones
 i - 5 poisoned darts
Armour
 b - a +0 leather armour (worn)
Scrolls
 c - 2 scrolls of blinking
 g - a scroll of identify {unknown}
Potions
 h - a potion of curing {unknown}
 j - a potion of flight {unknown}
 l - a potion of mutation {unknown}


   Skills:
 + Level 4.7 Fighting
 + Level 1.3 Short Blades
 + Level 1.3 Long Blades
 + Level 1.3 Axes
 + Level 1.3 Maces & Flails
 + Level 4.7 Polearms
 + Level 1.3 Staves
 + Level 1.3 Slings
 + Level 1.3 Bows
 + Level 1.3 Crossbows
 + Level 2.9 Throwing
 + Level 2.9 Armour
 + Level 4.7 Dodging
 + Level 1.3 Stealth
 + Level 1.3 Shields
 + Level 1.3 Unarmed Combat
 + Level 5.1 Spellcasting
 + Level 1.1 Conjurations
 + Level 1.1 Hexes
 + Level 1.1 Summonings
 + Level 1.1 Necromancy
 + Level 5.5 Translocations
 + Level 1.1 Transmutations
 + Level 1.1 Fire Magic
 + Level 1.1 Ice Magic
 + Level 1.1 Air Magic
 + Level 1.1 Earth Magic
 + Level 1.1 Poison Magic
 + Level 1.5 Invocations
 + Level 1.3 Evocations


You had 12 spell levels left.
You knew the following spells:

 Your Spells              Type           Power      Damage    Failure   Level
a - Blink                 Tloc           32%        N/A       4%          2

Your spell library contained the following spells:

 Spells                   Type           Power      Damage    Failure   Level
 Gell's Gravitas          Tloc           16%        N/A       8%          3
 Lesser Beckoning         Tloc           16%        N/A       8%          3
 Teleport Other           Tloc           16%        N/A       8%          3
 Manifold Assault         Tloc           16%        N/A       58%         5


Dungeon Overview and Level Annotations

Branches:
Dungeon (3/15)

Altars:


Innate Abilities, Weirdness & Mutations

You have very sharp teeth.
Your uncanny sense of smell can sniff out nearby items.
Your experience applies equally to all skills.


Message History

You kill the orc!
You closely miss the orc wizard. The orc wizard casts a spell at you.
The magic dart hits you.
You closely miss the orc wizard.
The orc wizard hits you with a +0 dagger.
You barely miss the orc wizard. Your bite misses the orc wizard.
The orc wizard hits you with a +0 dagger.
You hit the orc wizard.
The orc wizard is lightly wounded.
The orc wizard hits you with a +0 dagger.
You hit the orc wizard but do no damage.
Lightning courses through the orc wizard!
The orc wizard is severely wounded.
The orc wizard completely misses you.
You closely miss the orc wizard.
The orc wizard is severely wounded.
The orc wizard barely misses you.
You hit the orc wizard.
The orc wizard is almost dead.
The orc wizard hits you with a +0 dagger.
You closely miss the orc wizard.
You bite the orc wizard, but do no damage.
The orc wizard is almost dead.
The orc wizard casts a spell.
The orc wizard flickers and vanishes!
Deactivating autopickup; reactivate with Ctrl-A.
You closely miss something. Something hits you.
* * * LOW HITPOINT WARNING * * *
You miss something.
You hear some strange, mumbled words.
A puff of flame appears from out of thin air!
The puff of flame misses you.
You miss something. Something hits you.
* * * LOW HITPOINT WARNING * * *
You barely miss something. Your bite misses something.
You hear some strange, mumbled words.
A puff of flame appears from out of thin air!
The puff of flame hits you!
You die...

.... ..##......#...# ....#
#.##..........# ###
#....#.##......<.... ..#
##..#.#.#....#+#..... #.#
......#.#....#....... #.#
## #......#....#.##>...
#.# . #.....#..#.#.#####.
#.# #!
######<...#.#....... #<#∆
#.##.{@................
###
#....#########.########
######..# ##>## #.........
........##8...8##....#####
#####..)##.....##....#
#...#8[....8#..††#
#..(##.....##....#
#...##8...8##....# #...#
#....#


There were no monsters in sight!

Vanquished Creatures
  Natasha (thrice) (D:2)
  A dart slug (D:2)
  2 orcs (D:3)
  5 ball pythons
  6 endoplasms
  2 giant cockroaches (D:1)
  4 goblins
  5 hobgoblins
  5 kobolds
  3 quokkas
  5 bats
  5 frilled lizards
  A quokka skeleton (D:2)
  A rat (D:2)
48 creatures vanquished.

Vanquished Creatures (others)
  A plant (D:2)
1 creature vanquished.

Grand Total: 49 creatures vanquished

Notes
Turn   | Place    | Note
-------+----------+-------------------------------------------
     0 | D:1      | Ablot the Gnoll Warper began the quest for the Orb.
     0 | D:1      | Reached XP level 1. HP: 20/20 MP: 6/6
   128 | D:1      | Reached XP level 2. HP: 26/26 MP: 7/7
   131 | D:1      | Learned a level 2 spell: Blink
   881 | D:2      | Reached XP level 3. HP: 31/31 MP: 9/9
   903 | D:2      | Reached skill level 5 in Spellcasting
  1031 | D:2      | Noticed Natasha
  1048 | D:2      | Killed Natasha
  1049 | D:2      | Reached skill level 1 in Short Blades
  1049 | D:2      | Reached skill level 1 in Long Blades
  1049 | D:2      | Reached skill level 1 in Axes
  1049 | D:2      | Reached skill level 1 in Maces & Flails
  1049 | D:2      | Reached skill level 1 in Staves
  1049 | D:2      | Reached skill level 1 in Slings
  1049 | D:2      | Reached skill level 1 in Bows
  1049 | D:2      | Reached skill level 1 in Crossbows
  1049 | D:2      | Reached skill level 1 in Stealth
  1049 | D:2      | Reached skill level 1 in Shields
  1049 | D:2      | Reached skill level 1 in Unarmed Combat
  1049 | D:2      | Reached skill level 1 in Invocations
  1049 | D:2      | Reached skill level 1 in Evocations
  1268 | D:2      | Reached XP level 4. HP: 35/38 MP: 11/11
  1448 | D:2      | Noticed Natasha
  1459 | D:2      | Killed Natasha
  1460 | D:2      | Reached skill level 1 in Conjurations
  1460 | D:2      | Reached skill level 1 in Hexes
  1460 | D:2      | Reached skill level 1 in Summonings
  1460 | D:2      | Reached skill level 1 in Necromancy
  1460 | D:2      | Reached skill level 1 in Transmutations
  1460 | D:2      | Reached skill level 1 in Fire Magic
  1460 | D:2      | Reached skill level 1 in Ice Magic
  1460 | D:2      | Reached skill level 1 in Air Magic
  1460 | D:2      | Reached skill level 1 in Earth Magic
  1460 | D:2      | Reached skill level 1 in Poison Magic
  1725 | D:2      | Found a faded altar of an unknown god.
  1937 | D:2      | Noticed Natasha
  1946 | D:2      | Killed Natasha
  1947 | D:2      | Reached XP level 5. HP: 30/43 MP: 12/12
  2190 | D:3      | Killed from afar by an orc wizard

Illustrated notes

Levels and vault maps discovered:
D:1:      psy_arrival_dodecagon, layout_loops_ring
D:2:      layout_loops_ring, dreamdust_ecumenical_altar_hidden_monk_grotto,
          uniq_natasha
D:3:      layout_basic, nicolae_overflow_hidden_temple,
          kennysheep_generic_room_13, uniq_sigmund

Skill      XL: |  1  2  3  4 |
---------------+-------------+-----
Spellcasting   | 5 |  5.1
Short Blades   | 1 |  1.3
Long Blades    | 1 |  1.3
Axes           | 1 |  1.3
Maces & Flails | 1 |  1.3
Staves         | 1 |  1.3
Slings         | 1 |  1.3
Bows           | 1 |  1.3
Crossbows      | 1 |  1.3
Stealth        | 1 |  1.3
Shields        | 1 |  1.3
Unarmed Combat | 1 |  1.3
Invocations    | 1 |  1.5
Evocations     | 1 |  1.3
Conjurations   | 1 |  1.1
Hexes          | 1 |  1.1
Summonings     | 1 |  1.1
Necromancy     | 1 |  1.1
Transmutations | 1 |  1.1
Fire Magic     | 1 |  1.1
Ice Magic      | 1 |  1.1
Air Magic      | 1 |  1.1
Earth Magic    | 1 |  1.1
Poison Magic   | 1 |  1.1
Fighting       | |  4.7
Polearms       | |  4.7
Throwing       | |  2.9
Armour         | |  2.9
Dodging        | |  4.7
Translocations | |  5.5

Action                   |  1- 3 |  4- 6 || total
-------------------------+-------+-------++-------
Melee: Spear             |   105 |    50 ||   155
       Bite              |     8 |     4 ||    12
       Short sword       |       |    33 ||    33
       Punch             |       |     1 ||     1
 Stab: Sleeping          |     1 |     4 ||     5
Armor: Leather armour    |    17 |     8 ||    25
Dodge: Dodged            |    45 |    29 ||    74
